 Dungeon Crawl Stone Soup version 0.20-a0-1074-g6a0a8e1 (webtiles) character file.

802 Alarkh the Poker (level 7, -2/50 HPs)
             Began as an Octopode Monk on Apr 29, 2017.
             Was a Believer of Okawaru.
             Slain by an ice beast (11 damage)
             ... on level 6 of the Dungeon.
             The game lasted 00:05:50 (5111 turns).

Alarkh the Poker (Octopode Monk)                    Turns: 5111, Time: 00:05:52

Health: -2/50      AC:  1    Str:  8 (10) XL:     7   Next: 91%
Magic:  7/7        EV: 16    Int: 15      God:    Okawaru [**....]
Gold:   279        SH:  0    Dex: 14      Spells: 6/6 levels left

rFire    . . .     SeeInvis .   a - +0 trident
rCold    . . .     Gourm    .   (no shield)
rNeg     . . .     Faith    .   (helmet restricted)
rPois    +         Spirit   .   (no amulet)
rElec    .         Reflect  .   j - ring of stealth
rCorr    +         Harm     .   m - ring of poison resistance
MR       .....                  u - ring of resist corrosion
Stlth    ++++......             (no ring)
Regen    0.2/turn               (no ring)
MPRegen  0.1/turn               (no ring)
                                (no ring)
                                (no ring)

@: no status effects
A: almost no armour, stealthy swim, amphibious, 8 rings, constrict 8, camouflage
1, gelatinous body 1
a: Heroism, Renounce Religion


You were on level 6 of the Dungeon.
You worshipped Okawaru.
Okawaru was pleased with you.
You were not hungry.

You visited 2 branches of the dungeon, and saw 7 of its levels.

You collected 279 gold pieces.

Inventory:

Hand Weapons
 a - a +0 trident (weapon)
 r - a +0 spear
Jewellery
 j - a ring of stealth (left tentacle)
 m - a ring of poison resistance (right tentacle)
 u - a ring of resist corrosion (on tentacle)
Wands
 k - a wand of paralysis (4/24)
Scrolls
 c - 2 scrolls of remove curse
 d - a scroll of amnesia
 h - a scroll of magic mapping {unknown}
 i - a scroll of blinking
 l - 2 scrolls of teleportation
 w - a scroll of noise {unknown}
Potions
 f - a potion of mutation
 g - a potion of magic
 o - 2 potions of brilliance
 p - a potion of haste
 s - a potion of curing
Comestibles
 b - 4 bread rations
 n - 2 royal jellies
 t - 2 meat rations
 v - 2 fruits


   Skills:
 + Level 5.1 Fighting
 * Level 6.9 Polearms
 + Level 5.1 Dodging
 - Level 2.6 Stealth


You had 6 spell levels left.
You didn't know any spells.

Dungeon Overview and Level Annotations

Branches:
Dungeon (6/15)             Temple (1/1) D:5

Altars:
Ashenzari
Cheibriados
Elyvilon
Fedhas
Hepliaklqana
Kikubaaqudgha
Makhleb
Nemelex Xobeh
Okawaru
Qazlal
Ru
Sif Muna
Vehumet
Wu Jian
Zin
The Shining One


Innate Abilities, Weirdness & Mutations

You cannot wear most types of armour.
You are very stealthy in the water. (Stealth+)
You are amphibious.
You can wear up to eight rings at the same time.
You can use your tentacles to constrict eight enemies at once.
Your skin changes colour to match your surroundings (Stealth+).
Your rubbery body absorbs attacks. (AC +1, EV +1)


Message History

Aim: an ice beast (chance to defeat MR: 46%)
The ice beast resists with some effort.
This wand has 6 charges left.
The ice beast hits you. The ice beast freezes you!
* * * LOW HITPOINT WARNING * * *
Evoke which item? (* to show all) (? for menu, Esc to quit)
Aiming: Paralyse
Press: ? - help, Shift-Dir - straight line, f/p - ice beast
Aim: an ice beast (chance to defeat MR: 46%)
The ice beast resists with some effort.
This wand has 5 charges left.
The jelly quivers.
The ice beast hits you but does no damage.
Evoke which item? (* to show all) (? for menu, Esc to quit)
Aiming: Paralyse
Press: ? - help, Shift-Dir - straight line, f/p - ice beast
Aim: an ice beast (chance to defeat MR: 46%)
The ice beast resists with some effort.
This wand has 4 charges left.
The ice beast hits you.
* * * LOW HITPOINT WARNING * * *
The ice beast freezes you!
You die...

. .. ## #..###.
#......##
#......Y##
.......@.###..#
.J......<....#
....#.....##....
.......#.## ..
.......#.#
......#..#
...... ...
.###.. ... ##
O...


You could see an ice beast and a jelly.

Vanquished Creatures
  A hornet zombie (D:5)
  An ice beast (D:5)
  An ogre (D:4)
  A centaur (D:5)
  Blork the orc (D:4)
  A scorpion (D:5)
  A crimson imp (D:5)
  A jelly (D:5)
  An iguana (D:4)
  A centaur skeleton (D:4)
  Ijyb (D:3)
  2 worker ants (D:4)
  A hound skeleton (D:4)
  A gnoll (D:1)
  3 adders
  2 adder skeletons
  3 worms
  4 dart slugs
  3 leopard geckos
  2 orcs
  3 ball pythons
  7 bats
  4 giant cockroaches
  13 goblins
  6 hobgoblins
  5 jackals
  2 quokkas
  A ball python skeleton (D:4)
  2 frilled lizards (D:2)
  A jackal skeleton (D:4)
  3 kobolds
  A leopard gecko skeleton (D:5)
  A quokka skeleton (D:5)
  9 rats
90 creatures vanquished.

Notes
Turn   | Place    | Note
-------+----------+-------------------------------------------
     0 | D:1      | Alarkh the Octopode Monk began the quest for the Orb.
     0 | D:1      | Reached XP level 1. HP: 16/16 MP: 1/1
    53 | D:1      | Reached XP level 2. HP: 10/21 MP: 2/2
   455 | D:1      | Reached XP level 3. HP: 18/26 MP: 3/3
  1223 | D:2      | Found a white marble altar of Elyvilon.
  1360 | D:2      | Reached skill level 4 in Polearms
  1401 | D:2      | Reached XP level 4. HP: 27/31 MP: 4/4
  1670 | D:3      | Found an ornate altar of the Wu Jian Council.
  1743 | D:3      | Found a stormy altar of Qazlal.
  2410 | D:3      | Noticed Ijyb
  2414 | D:3      | Paralysed by Ijyb for 5 turns
  2425 | D:3      | Killed Ijyb
  2636 | D:4      | Reached XP level 5. HP: 37/37 MP: 5/5
  2818 | D:4      | Reached skill level 5 in Polearms
  2876 | D:4      | Reached XP level 6. HP: 26/43 MP: 6/6
  3469 | D:4      | Noticed Blork the orc
  3483 | D:4      | Killed Blork the orc
  3605 | D:4      | Found a deep blue altar of Sif Muna.
  3861 | D:5      | Entered Level 5 of the Dungeon
  3873 | D:5      | Found a staircase to the Ecumenical Temple.
  3880 | Temple   | Entered the Ecumenical Temple
  3964 | Temple   | Became a worshipper of Warmaster Okawaru
  3964 | Temple   | Reached * piety under Okawaru
  3964 | Temple   | Reached ** piety under Okawaru
  4054 | D:5      | Reached XP level 7. HP: 47/49 MP: 7/7
  4181 | D:5      | Reached skill level 6 in Polearms
  4627 | D:5      | Reached skill level 5 in Dodging
  4958 | D:5      | Reached skill level 5 in Fighting
  5111 | D:6      | Slain by an ice beast

Vault maps used:
D:1:      eino_arrival_cavern_e
D:2:      elyvilon_altar_3
D:3:      overflow_temple_1_default, lemuel_round_altar, serial_forest,
          infiniplex_forest_lined_2, infiniplex_forest_lined_3,
          infiniplex_forest_corner_1, infiniplex_forest_corner_1,
          infiniplex_forest_lined_corner, infiniplex_forest_clump_double,
          uniq_ijyb
D:4:      dk_noncrumbling_3, tgw_sif
D:5:      temple_green, first_bread
D:6:      kennysheep_six_static_rooms, nicolae_overflow_hidden_temple,
          enter_ossuary_3
Temple:   nicolae_temple_great_sept

Skill      XL: |  1  2  3  4  5  6  7 |
---------------+----------------------+-----
Polearms       | 4 5 6 |  6.9
Fighting       | 4 5 |  5.1
Dodging        | 4 5 |  5.1
Stealth        | |  2.6

Action                   |  1- 3 |  4- 6 |  7- 9 || total
-------------------------+-------+-------+-------++-------
Melee: Spear             |    93 |   108 |       ||   201
       Tentacles         |     7 |    22 |     8 ||    37
       Constrict         |    12 |    23 |     9 ||    44
       Trident           |       |    19 |    63 ||    82
Invok: Heroism           |       |       |     1 ||     1
Evoke: Wand              |       |       |     9 ||     9
  Use: Scroll            |     5 |     3 |     2 ||    10
       Potion            |       |     2 |     2 ||     4
 Stab: Sleeping          |    23 |    14 |     3 ||    40
       Paralysed         |       |       |     4 ||     4
  Eat: Chunk             |     2 |     7 |     4 ||    13
Armor: Skin              |     7 |     4 |     4 ||    15
Dodge: Dodged            |    27 |    43 |    38 ||   108
